 Dungeon Crawl Stone Soup version 0.29.1-2-gbd0b4ee654 (webtiles) character file.

Game seed: 12322892382861435780

1407 BreadTh the Ruffian (level 8, -3/78 HPs)
             Began as a Troll Hedge Wizard on Nov 29, 2022.
             Was a Follower of the Shining One.
             Slain by an orc
             ... wielding a +0 whip
              (4 damage)
             ... on level 8 of the Dungeon.
             The game lasted 00:15:30 (5562 turns).

BreadTh the Ruffian (Troll Hedge Wizard)            Turns: 5562, Time: 00:15:31

Health: -3/78      AC:  4    Str: 19    XL:     8   Next: 42%
Magic:  10/10      EV: 13    Int: 12    God:    the Shining One [*.....]
Gold:   232        SH:  0    Dex:  9    Spells: 4/11 levels left

rFire   . . .      SeeInvis .     - Unarmed
rCold   . . .      Faith    .   (no shield)
rNeg    . . .      Spirit   .   b - +0 robe
rPois   .          Reflect  .   c - +0 hat
rElec   .          Harm     .   a - scarf {repulsion}
rCorr   .          Rampage  .   (gloves unavailable)
Will    .....                   (boots unavailable)
Stlth   +.........              (no amulet)
HPRegen 1.03/turn               A - +4 ring of evasion
MPRegen 0.12/turn               (no ring)

@: lethally poisoned (-3 -> -12), glowing, repel missiles
A: large, unfitting armour, claws 3, regeneration 1, shaggy fur 1, tough skin 1
a: Renounce Religion, Divine Shield


You were on level 8 of the Dungeon.
You worshipped the Shining One.
The Shining One was aware of your devotion.
You visited 2 branches of the dungeon, and saw 9 of its levels.

You collected 232 gold pieces.

Inventory:

Missiles
 n - 60 stones
 p - 18 boomerangs
 x - 6 atropa-tipped darts
Armour
 a - a scarf of repulsion (worn)
 b - a +0 robe (worn)
 c - a +0 hat (worn)
Jewellery
 A - a +4 ring of evasion (left claw)
Wands
 w - a wand of digging (1)
Scrolls
 e - a scroll of noise {unknown}
 f - a scroll of magic mapping
 g - 4 scrolls of teleportation
 i - a scroll of blinking {unknown}
 m - a scroll of enchant armour {unknown}
 o - 4 scrolls of identify
 s - 2 scrolls of poison {unknown}
 t - a scroll of amnesia {unknown}
 v - a scroll of vulnerability {unknown}
 y - a scroll of silence {unknown}
 C - a scroll of torment {unknown}
Potions
 d - a potion of magic
 h - 3 potions of attraction
 j - a potion of brilliance {unknown}
 k - 2 potions of heal wounds {unknown}
 l - 3 potions of curing {unknown}
 q - a potion of haste {unknown}
 r - a potion of resistance {unknown}
 u - a potion of flight {unknown}
 z - 2 potions of ambrosia {unknown}
 B - 2 potions of cancellation {unknown}


   Skills:
 + Level 4.1 Fighting
 - Level 1.5 Dodging
 - Level 1.0 Stealth
 * Level 7.2 Unarmed Combat
 - Level 2.0 Spellcasting
 + Level 3.9 Conjurations
 - Level 0.6 Summonings
 - Level 0.6 Translocations


You had 4 spell levels left.
You knew the following spells:

 Your Spells              Type           Power      Damage    Failure   Level
a - Magic Dart            Conj           40%        1d5       5%          1
b - Conjure Flame         Conj/Fire      5%         6-21      36%         3
c - Mephitic Cloud        Conj/Pois/Air  4%         N/A       43%         3

Your spell library contained the following spells:

 Spells                   Type           Power      Damage    Failure   Level
 Slow                     Hex            4%         N/A       26%         1
 Blink                    Tloc           4%         N/A       32%         2
 Call Imp                 Summ           2%         N/A       32%         2
 Lesser Beckoning         Tloc           2%         N/A       54%         3
 Hailstorm                Conj/Ice       5%         3d4       77%         4
 Ice Form                 Ice/Tmut       1%         N/A       95%         4
 Manifold Assault         Tloc           2%         N/A       99%         5
 Simulacrum               Ice/Necr       0%         N/A       100%        6


Dungeon Overview and Level Annotations

Branches:
Dungeon (8/15)             Temple (1/1) D:4
   Lair: D:8-11

Altars:
Ashenzari
Cheibriados
Dithmenos
Elyvilon
Fedhas
Gozag
Kikubaaqudgha
Makhleb
Nemelex Xobeh
Okawaru
Qazlal
Ru
Sif Muna
Uskayaw
Vehumet
Wu Jian
Xom
Zin
The Shining One

Shops:
D:4 (   D:6 *

Annotations:
D:3 2 transporters, laros's ghost, amateur MiBe
D:8 Prince Ribbit


Innate Abilities, Weirdness & Mutations

You are too large for most types of armour.
You have claws for hands.
Your natural rate of healing is unusually fast.
You are covered in fur. (AC +1)
You have tough skin. (AC +1)


Message History

The water moccasin bites you. The water moccasin barely misses you.
The gnoll hits you from afar with a +0 spear.
You scratch the water moccasin but do no damage.
The water moccasin is almost dead.
The water moccasin bites you.
You closely miss the water moccasin. Your claw misses the water moccasin.
The water moccasin is almost dead.
The gnoll hits you from afar with a +0 spear.
The water moccasin closely misses you.
The gnoll hits you from afar with a +0 spear.
The water moccasin barely misses you.
Prince Ribbit blinks! x2
Prince Ribbit hits you but does no damage.
There is a stone staircase leading down here.
The gnoll is no longer moving quickly.
The water moccasin closely misses you.
Prince Ribbit hits you but does no damage.
The gnoll hits you from afar with a +0 spear!
The water moccasin bites you!
* * * LOW HITPOINT WARNING * * *
Prince Ribbit hits you!
* * * LOW HITPOINT WARNING * * *
You climb downwards.
The orc shouts!
You hear a shout! x5
There is a stone staircase leading up here.
You claw Prince Ribbit!
Prince Ribbit is moderately wounded.
The water moccasin closely misses you. Prince Ribbit barely misses you.
You closely miss Prince Ribbit.
Prince Ribbit is moderately wounded.
The orc misses you. The orc hits you with a +0 whip.
* * * LOW HITPOINT WARNING * * *
The water moccasin barely misses you. Prince Ribbit closely misses you.
You claw Prince Ribbit!
Prince Ribbit is heavily wounded.
The water moccasin bites you.
* * * LOW HITPOINT WARNING * * *
You are lethally poisoned!
The water moccasin poisons you! Prince Ribbit barely misses you.
The orc barely misses you. The orc hits you with a +0 whip.
You die...

. .. ###
..# .. ..
.# #.##F##
#.o@o.#
#...###S.#
## ###


You could see Prince Ribbit, a water moccasin and 2 orcs.

Vanquished Creatures
  Eustachio (D:6)
  An ice beast (D:5)
  An ogre (D:4)
  A centaur (D:5)
  2 phantoms (D:5)
  2 necrophages (D:5)
  3 scorpions
  4 wights (D:6)
  A howler monkey (D:5)
  A jelly (D:5)
  A gnoll bouda (D:7)
  2 orc wizards (D:5)
  Ijyb (D:4)
  An iguana (D:5)
  9 adders
  A gnoll (D:7)
  A white imp (D:6)
  An ufetubus (D:6)
  3 worms
  4 orcs
  2 ball pythons
  5 endoplasms
  4 giant cockroaches
  7 goblins
  7 hobgoblins
  8 kobolds
  2 quokkas
  3 bats
  4 frilled lizards
  6 rats
89 creatures vanquished.

Vanquished Creatures (others)
  6 plants (D:3)
6 creatures vanquished.

Grand Total: 95 creatures vanquished

Notes
Turn   | Place    | Note
-------+----------+-------------------------------------------
     0 | D:1      | BreadTh the Troll Hedge Wizard began the quest for the Orb.
     0 | D:1      | Reached XP level 1. HP: 16/16 MP: 2/2
   204 | D:1      | Reached skill level 1 in Unarmed Combat
   251 | D:1      | Reached XP level 2. HP: 25/26 MP: 4/4
   487 | D:1      | Reached skill level 1 in Conjurations
  1154 | D:2      | Reached XP level 3. HP: 32/32 MP: 5/5
  1237 | D:2      | Reached skill level 1 in Fighting
  1237 | D:2      | Reached skill level 2 in Unarmed Combat
  1742 | D:3      | Found a transporter.
  1742 | D:3      | Found a transporter.
  1757 | D:3      | Learned a level 3 spell: Conjure Flame
  1758 | D:3      | Noticed laros's ghost (amateur MiBe)
  1804 | D:3      | Found a blossoming altar of Fedhas.
  1981 | D:3      | Identified the +5 halberd "Tihiug" {chaos, rC++ Str-2
                  | Dex+6}
  2021 | D:3      | Reached XP level 4. HP: 41/41 MP: 6/6
  2368 | D:4      | Found a staircase to the Ecumenical Temple.
  2411 | Temple   | Entered the Ecumenical Temple
  2592 | Temple   | Became a worshipper of the Shining One
  2671 | D:4      | Found Rakhyuc's Weapon Shop.
  2696 | D:4      | Learned a level 3 spell: Mephitic Cloud
  2705 | D:4      | Noticed a scorpion
  2720 | D:4      | Killed a scorpion
  2721 | D:4      | Reached skill level 3 in Unarmed Combat
  2721 | D:4      | Reached XP level 5. HP: 25/49 MP: 7/7
  2836 | D:4      | Noticed Ijyb
  2862 | D:4      | Killed Ijyb
  3017 | D:4      | Noticed an ogre
  3032 | D:4      | Killed an ogre
  3033 | D:4      | Reached skill level 4 in Unarmed Combat
  3033 | D:4      | Reached XP level 6. HP: 57/57 MP: 5/8
  3298 | D:5      | Entered Level 5 of the Dungeon
  3353 | D:5      | Noticed an ice beast
  3373 | D:5      | Killed an ice beast
  3513 | D:5      | Reached skill level 5 in Unarmed Combat
  3513 | D:5      | Reached XP level 7. HP: 60/66 MP: 0/9
  4240 | D:5      | Reached * piety under the Shining One
  4257 | D:5      | Reached skill level 6 in Unarmed Combat
  4344 | D:5      | Reached XP level 8. HP: 42/76 MP: 10/10
  5018 | D:6      | Found Gavuzaij's General Store.
  5152 | D:6      | Noticed Eustachio
  5172 | D:6      | Killed Eustachio
  5173 | D:6      | Reached skill level 7 in Unarmed Combat
  5478 | D:7      | Noticed a boulder beetle
  5552 | D:7      | Noticed Prince Ribbit
  5562 | D:8      | HP: 1/78 [water moccasin (3)]
  5562 | D:8      | Slain by an orc

Illustrated notes

Levels and vault maps discovered:
D:1:      psy_arrival_statuary, layout_loops_corners, minmay_ruptured
D:2:      layout_loops_ring, supply_closet_lemuel
D:3:      layout_basic, mainiacjoe_overflow_cross_hatched,
          gammafunk_ghost_gnarly_gnolls, serial_bayou_pond_d
D:4:      layout_cave_pools, minmay_temple_entry_statues_pillars, serial_shops,
          nicolae_shop_bloodbath_and_beyond, kennysheep_donut, uniq_ijyb
D:5:      layout_layer_cave, serial_glass, glass_columns_a, glass_columns_a,
          hangedman_abyss_or_decor_stagger, reono_crystal_passage,
          nicolae_concentric_dashed_squares_wild, kennysheep_generic_room_8
D:6:      layout_basic, serial_shops, nicolae_shop_window_shopping,
          uniq_eustachio
D:7:      layout_basic, nzn_hepliaklqana_mist_gate,
          mainiacjoe_overflow_brackets, enter_bailey_3, nicolae_zen_rock_garden,
          uniq_prince_ribbit1
D:8:      layout_rooms, ebering_ghost_gozag, nicolae_benzene_ring, uniq_pikel
Temple:   regret_index_temple_chain_breaker

Skill      XL: |  1  2  3  4  5  6  7  8 |
---------------+-------------------------+-----
Unarmed Combat | 1 2 3 4 5 6 7 |  7.2
Conjurations   | 1 2 3 |  3.9
Fighting       | 1 2 3 4 |  4.1
Dodging        | |  1.5
Stealth        | |  1.0
Spellcasting   | |  2.0
Summonings     | |  0.6
Translocations | |  0.6

Action                   |  1- 3 |  4- 6 |  7- 9 || total
-------------------------+-------+-------+-------++-------
Melee: Unarmed           |   130 |   123 |   108 ||   361
       Punch             |     2 |     1 |     3 ||     6
 Cast: Magic Dart        |     2 |     6 |     3 ||    11
       Mephitic Cloud    |       |     1 |     1 ||     2
       Conjure Flame     |       |     1 |       ||     1
  Use: Scroll            |       |       |     3 ||     3
 Stab: Sleeping          |     1 |     1 |       ||     2
Armor: Robe              |    53 |    23 |    21 ||    97
Dodge: Dodged            |    50 |    40 |    60 ||   150
